 Dungeon Sprint DCSS version 0.30-a0-920-g7493c07aab (webtiles) character file.

Game seed: 6842376136205764410

8519 testman the Grappler (level 11, -15/107 HPs)
             Began as a Grey Draconian Transmuter on Mar 21, 2023.
             Was the Champion of Cheibriados.
             Demolished by a death yak (28 damage)
             ... in the Dungeon (Sprint IX: "|||||||||||||||||||||||||||||").
             The game lasted 00:11:17 (1193 turns).

testman the Grappler (Grey Draconian Transmuter)    Turns: 1193, Time: 00:11:17

Health: -15/107    AC:  2    Str: 31    XL:     11   Next: 11%
Magic:  24/24      EV: 31    Int: 33    God:    Cheibriados [******]
Gold:   0          SH:  0    Dex: 31    Spells: 23/29 levels left

rFire   . . .      SeeInvis +      - Unarmed
rCold   . . .      Faith    .    (shield currently unavailable)
rNeg    . . .      Spirit   .    (body armour unavailable)
rPois   x          Reflect  .    (helmet currently unavailable)
rElec   .          Rampage  .    k - melded +0 cloak
rCorr   .          NoTele   +    (gloves currently unavailable)
Will    .....                    j - melded +0 pair of boots
Stlth   ++                       (no amulet)
HPRegen 0.37/turn                l - +3 ring of strength
MPRegen 0.19/turn                q - ring of see invisible

@: spider-form (expiring), wereblooded, very slow
A: venomous fangs, AC +12, (amphibious), tiny, unfitting armour, (cold-blooded)
a: End Transformation, Renounce Religion, Bend Time, Temporal Distortion,
Slouch, Step From Time


You were in the Dungeon.
You worshipped Cheibriados.
Cheibriados was exalted by your worship.
You were a venomous arachnid creature.
You visited 1 branch

Inventory:

Armour
 j - a +0 pair of boots (melded)
 k - a +0 cloak (melded)
Jewellery
 l - a +3 ring of strength (left front pincers)
 m - a +3 ring of dexterity
 q - a ring of see invisible (right front pincers)
Wands
 i - a wand of acid (9)
Scrolls
 g - 2 scrolls of blinking
 h - 2 scrolls of amnesia
 r - 2 scrolls of fear
 s - 2 scrolls of fog
Potions
 a - a potion of lignification
 b - 6 potions of curing
 c - 4 potions of heal wounds
 d - a potion of haste
 e - 4 potions of magic
 f - a potion of invisibility
 n - a potion of brilliance
 o - a potion of cancellation
 p - a potion of mutation


   Skills:
 + Level 13.3 Fighting
 - Level 7.7 Dodging
 + Level 14.5 Unarmed Combat
 - Level 9.7 Spellcasting
 - Level 10.1 Transmutations
 - Level 4.0 Poison Magic
 + Level 12.4 Invocations


You had 23 spell levels left.
You knew the following spells:

 Your Spells              Type           Power      Damage    Failure   Level
a - Beastly Appendage     Tmut           100%       N/A       1%          1
b - Wereblood             Tmut           70%        N/A       1%          2
c - Spider Form           Tmut/Pois      58%        N/A       3%          3

Your spell library contained the following spells:

 Spells                   Type           Power      Damage    Failure   Level
 Ice Form                 Ice/Tmut       49%        N/A       12%         4


Dungeon Overview and Level Annotations

Branches:
Dungeon (1/1)

Altars:
Cheibriados
Dithmenos
Elyvilon
Fedhas
Gozag
Hepliaklqana
Kikubaaqudgha
Makhleb
Nemelex Xobeh
Okawaru
Qazlal
Ru
Sif Muna
Trog
Uskayaw
Vehumet
Wu Jian
Xom
Yredelemnul
Zin
The Shining One
Jiyva
Lugonu


Innate Abilities, Weirdness & Mutations

You are a venomous arachnid creature.
You have venomous fangs.
You are tiny and dextrous.
Your spellcasting is less reliable in this form.
Your armour is entirely melded.
You are incapable of wielding weapons or throwing items.
((Your dull iron-grey scales are very hard. (AC +12)))
((You are amphibious.))
You cannot fit into any form of body armour.
((You are cold-blooded and may be slowed by cold attacks.))


Message History

You kill the yak!
Cheibriados appreciates the change of pace.
The catoblepas gores you.
You are engulfed in calcifying dust.
Your transformation is almost over.
The yak bellows!
The catoblepas gores you.
You are engulfed in calcifying dust.
The catoblepas gores you!!
You are engulfed in calcifying dust.
The catoblepas gores you!!
You turn to flesh and can move again.
You bite the catoblepas!
The catoblepas looks as sick as possible!
The catoblepas is lightly wounded.
You bite the catoblepas!
The catoblepas is moderately wounded.
You hiss as the wereblood boils in your veins!
The catoblepas misses you.
You maul the catoblepas!!
The catoblepas looks as sick as possible!
The catoblepas is heavily wounded.
The catoblepas gores you!!
* * * LOW HITPOINT WARNING * * *
The yak snorts and paws the ground.
Okay, then.
You feel much better.
You hiss as the wereblood boils in your veins!
The catoblepas gores you!!
* * * LOW HITPOINT WARNING * * *
Okay, then.
As you read the scroll of fear, it crumbles to dust.
You assume a fearsome visage.
The death yak resists with almost no effort.
The yak looks frightened! x3; The death yak resists with some effort.
The catoblepas looks frightened!
The catoblepas breathes a plume of calcifying dust at you.
The blast of calcifying dust hits you.
* * * LOW HITPOINT WARNING * * *
You are engulfed in calcifying dust.
Cornered, the yak turns to fight!
The death yak attacks as you move away! The death yak gores you!!
You die...

▓Y▓.▓.▓
▓.▓.▓.▓
▓.▓.▓.▓
▓Y▓.▓)▓
▓Y▓.▓.▓
▓Y▓.▓.▓
▓†▓.▓'▓
▓Y▓.▓_▓
▓s▓.▓_▓
▓§▓.▓_▓
▓§▓.▓_▓
▓.▓.▓_▓
▓.▓.▓_▓
▓.▓.▓_▓
▓.▓.▓_▓
▓.▓.▓_▓
▓†▓.▓_▓


You could see 2 death yaks, a catoblepas (fleeing, extremely poisoned) and a
yak.

Vanquished Creatures
  A catoblepas (D)
  3 centaur warriors (D)
  2 death yaks (D)
  A lindwurm (D)
  A cyclops (D)
  A torpor snail (D)
  A black mamba (D)
  3 cane toads (D)
  2 komodo dragons (D)
  An unseen horror (D)
  A polar bear (D)
  2 blink frogs (D)
  A dream sheep (D)
  A shadow (D)
  2 yaks (D)
  A basilisk (D)
  A water moccasin (D)
  An orc warrior (D)
  A wolf (D)
  A centaur (D)
  2 kobold brigands (D)
  A bullfrog (D)
  A gnoll sergeant (D)
  A scorpion (D)
  A jelly (D)
  A hound (D)
  An iguana (D)
  An orc (D)
  An endoplasm (D)
  2 bats (D)
  A frilled lizard (D)
  A rat (D)
42 creatures vanquished.

Notes
Turn   | Place    | Note
-------+----------+-------------------------------------------
     0 | D        | testman the Draconian Transmuter began the quest for the
                  | Orb.
     0 | D        | Reached XP level 1. HP: 16/16 MP: 3/3
    29 | D        | Noticed an iguana
    29 | D        | Noticed a scorpion
    29 | D        | Noticed a hound
    29 | D        | Noticed a jelly
    33 | D        | Reached skill level 4 in Unarmed Combat
    34 | D        | Killed a jelly
    35 | D        | Reached skill level 5 in Unarmed Combat
    35 | D        | Reached XP level 2. HP: 13/23 MP: 2/6
    35 | D        | Reached XP level 3. HP: 16/28 MP: 2/8
    41 | D        | Reached skill level 6 in Unarmed Combat
    43 | D        | Killed a scorpion
    44 | D        | Reached skill level 8 in Unarmed Combat
    44 | D        | Reached XP level 4. HP: 27/35 MP: 2/10
    47 | D        | Reached XP level 5. HP: 33/41 MP: 2/12
   115 | D        | Learned a level 2 spell: Wereblood
   117 | D        | Found a snail-covered altar of Cheibriados.
   117 | D        | Found a shadowy altar of Dithmenos.
   117 | D        | Found a white marble altar of Elyvilon.
   117 | D        | Found a blossoming altar of Fedhas.
   117 | D        | Found an opulent altar of Gozag.
   118 | D        | Found a hazy altar of Hepliaklqana.
   119 | D        | Found a viscous altar of Jiyva.
   120 | D        | Found an ancient bone altar of Kikubaaqudgha.
   121 | D        | Found a corrupted altar of Lugonu.
   123 | D        | Became a worshipper of Cheibriados the Contemplative
   125 | D        | Found a burning altar of Makhleb.
   126 | D        | Found a sparkling altar of Nemelex Xobeh.
   127 | D        | Found an iron altar of Okawaru.
   128 | D        | Found a stormy altar of Qazlal.
   129 | D        | Found a sacrificial altar of Ru.
   130 | D        | Found a shimmering blue altar of Sif Muna.
   131 | D        | Found a bloodstained altar of Trog.
   132 | D        | Found a hide-covered altar of Uskayaw.
   133 | D        | Found a radiant altar of Vehumet.
   134 | D        | Found an ornate altar of the Wu Jian Council.
   135 | D        | Found a shimmering altar of Xom.
   136 | D        | Found a basalt altar of Yredelemnul.
   137 | D        | Found a glowing silver altar of Zin.
   138 | D        | Found a glowing golden altar of the Shining One.
   193 | D        | Noticed an orc warrior
   193 | D        | Noticed a komodo dragon
   193 | D        | Noticed a centaur
   196 | D        | Killed a centaur
   197 | D        | Reached skill level 5 in Spellcasting
   197 | D        | Reached skill level 5 in Transmutations
   201 | D        | Reached * piety under Cheibriados
   202 | D        | Reached skill level 9 in Unarmed Combat
   202 | D        | Reached XP level 6. HP: 30/52 MP: 10/14
   206 | D        | Reached skill level 1 in Invocations
   210 | D        | Reached ** piety under Cheibriados
   216 | D        | Killed a komodo dragon
   217 | D        | Your scales start taking on a dull iron-grey colour.
   217 | D        | Reached XP level 7. HP: 31/63 MP: 12/17
   221 | D        | Reached skill level 10 in Unarmed Combat
   376 | D        | Learned a level 3 spell: Spider Form
   378 | D        | Noticed a centaur warrior
   378 | D        | Noticed a cyclops
   378 | D        | Noticed a shadow
   378 | D        | Noticed a centaur warrior
   378 | D        | Noticed a centaur warrior
   382 | D        | Killed a centaur warrior
   382 | D        | Reached *** piety under Cheibriados
   383 | D        | Reached skill level 5 in Dodging
   383 | D        | Reached skill level 5 in Invocations
   383 | D        | Reached XP level 8. HP: 50/73 MP: 13/19
   391 | D        | Killed a centaur warrior
   392 | D        | Reached skill level 11 in Unarmed Combat
   392 | D        | Reached XP level 9. HP: 43/81 MP: 14/21
   397 | D        | Killed a cyclops
   397 | D        | Reached **** piety under Cheibriados
   398 | D        | Killed an unseen horror
   403 | D        | Killed a centaur warrior
   900 | D        | Noticed a black mamba
   900 | D        | Noticed a death yak
   900 | D        | Noticed a cane toad
   908 | D        | Killed a cane toad
   908 | D        | Reached ***** piety under Cheibriados
   909 | D        | Reached skill level 12 in Unarmed Combat
   912 | D        | Killed a death yak
   913 | D        | Reached skill level 10 in Fighting
   913 | D        | Reached skill level 10 in Transmutations
   913 | D        | Reached XP level 10. HP: 68/93 MP: 19/23
   924 | D        | Killed a black mamba
   929 | D        | Reached ****** piety under Cheibriados
   946 | D        | Noticed a death yak
   946 | D        | Noticed a cane toad
   946 | D        | Noticed a cane toad
   949 | D        | Killed a cane toad
   950 | D        | Reached skill level 13 in Unarmed Combat
   950 | D        | Reached skill level 10 in Invocations
   951 | D        | Killed a cane toad
   955 | D        | Noticed a torpor snail
   961 | D        | Killed a death yak
   970 | D        | Noticed a lindwurm
   973 | D        | Killed a torpor snail
   974 | D        | Reached skill level 14 in Unarmed Combat
   982 | D        | Killed a lindwurm
   983 | D        | Reached XP level 11. HP: 41/106 MP: 24/24
  1149 | D        | Noticed a death yak
  1149 | D        | Noticed a catoblepas
  1149 | D        | Noticed a catoblepas
  1155 | D        | Noticed a death yak
  1176 | D        | Killed a catoblepas
  1193 | D        | Demolished by a death yak

Illustrated notes

Levels and vault maps discovered:
D:        linesprint [early_d, line_temple, items_1, d_10, items_2, lair_1,
          lair_end, items_3, orc_1, orc_end, items_4, d_15, swamp_1, shoals_1,
          snake_1, spider_1, d_20, vaults_1, items_5, swamp_end, shoals_end,
          snake_end, spider_end, vaults_end, d_27, items_6, zot_1, zot_end,
          crypt_end, forest_end, elf_end, slime_end, tomb_end, abyss_end,
          pan_hell_end]

Skill      XL: |  1  2  3  4  5  6  7  8  9 10 11 |
---------------+----------------------------------+-----
Unarmed Combat | 5 8 9 10 11 12 14 | 14.5
Spellcasting   | 3 4 5 7 8 9 |  9.7
Transmutations | 3 4 5 6 8 10 | 10.1
Fighting       | 4 6 7 8 10 12 13 | 13.3
Poison Magic   | 3 4 |  4.0
Dodging        | 3 5 6 7 |  7.7
Invocations    | 3 5 6 8 12 | 12.4

Action                     |  1- 3 |  4- 6 |  7- 9 | 10-12 || total
---------------------------+-------+-------+-------+-------++-------
  Melee: Unarmed           |    21 |    23 |    36 |    67 ||   147
         Kick              |     5 |     5 |     1 |       ||    11
         Headbutt          |     3 |     6 |     1 |       ||    10
         Tailslap          |     3 |     3 |     1 |       ||     7
         Punch             |     2 |     2 |       |       ||     4
   Cast: Beastly Appendage |     3 |     3 |       |       ||     6
         Wereblood         |       |     3 |     4 |     2 ||     9
         Spider Form       |       |       |     4 |     2 ||     6
  Evoke: Wand              |       |       |     1 |       ||     1
    Use: Potion            |     1 |     1 |     1 |     1 ||     4
         Scroll            |       |       |       |     1 ||     1
   Stab: Petrified         |       |       |       |     2 ||     2
 Armour: Skin              |     7 |     5 |     2 |       ||    14
  Dodge: Dodged            |    14 |     9 |    33 |    53 ||   109

Table legend: (Time is in decaauts)
 A = Elapsed time spent in this place.
 B = Non-inter-level travel time spent in this place.
 C = Inter-level travel time spent in this place.
 D = Time resting spent in this place.
 E = Time spent auto-exploring this place.
 F = Levels seen in this place.
 G = Mean time per level.
                   A        B        C        D        E       F      G
               +--------+--------+--------+--------+--------+-----+--------+
         Total |   1291 |   1291 |      0 |    756 |      0 |   1 | 1291.0 |
       Dungeon |   1291 |   1291 |      0 |    756 |      0 |   1 | 1291.0 |
               +--------+--------+--------+--------+--------+-----+--------+

Top non-repeatable levels by time:
       D: 1291 daAuts
